 Dungeon Crawl Stone Soup version 0.31-a0-986-g5e6e4ef867 (webtiles) character file.

Game seed: 15975981070126827097

8092 pokeman the Thaumaturge (level 11, -7/61 HPs)
             Began as a Deep Elf Hedge Wizard on Nov 7, 2023.
             Was a Believer of Vehumet.
             Mangled by a skeletal warrior
             ... wielding a +0 war axe
              (16 damage)
             ... on level 9 of the Dungeon.
             The game lasted 00:31:03 (10306 turns).

pokeman the Thaumaturge (Deep Elf Hedge Wizard)    Turns: 10306, Time: 00:31:03

Health: -7/61      AC: 11    Str:  7    XL:     11   Next: 5%
Magic:  29/31      EV: 12    Int: 24    God:    Vehumet [**....]
Gold:   264        SH:  0    Dex: 14    Spells: 30/39 levels left

rFire   + + .        P - +1 demon whip (venom)
rCold   . . .        (no shield)
rNeg    . . .        J - +2 leather armour {rF+}
rPois   +            t - +0 helmet
rElec   .            w - +0 cloak
rCorr   .            B - +0 pair of gloves
SInv    .            e - +1 pair of boots
Will    +....        (no amulet)
Stlth   ++           o - ring of protection from fire
HPRegen 0.30/turn    b - ring of poison resistance
MPRegen 0.22/turn

%: no passive effects
@: very slightly contaminated
A: no striking features
a: Renounce Religion


You were on level 9 of the Dungeon.
You worshipped Vehumet.
Vehumet was pleased with you.
You visited 2 branches of the dungeon, and saw 11 of its levels.

You collected 548 gold pieces.
You spent 284 gold pieces at shops.

Inventory:

Hand Weapons
 v - a +2 quarterstaff of chaos
 P - a +1 demon whip of venom (weapon)
Missiles
 k - 7 curare-tipped darts
 u - a throwing net
Armour
 e - a +1 pair of boots (worn)
 i - a +0 ring mail of poison resistance
 t - a +0 helmet (worn)
 w - a +0 cloak (worn)
 z - a +0 buckler
 A - the +0 robe of Beauty {-Tele rF+++ rN+ rCorr}
   (You found it on level 5 of the Dungeon)

   rF+++:     It renders you almost immune to fire.
   rN+:       It protects you from negative energy.
   -Tele:     It prevents most forms of teleportation.
   rCorr:     It protects you from acid and corrosion.
 B - a +0 pair of gloves (worn)
 J - a +2 leather armour of fire resistance (worn)
Magical Staves
 D - a staff of death
Jewellery
 b - a ring of poison resistance (right hand)
 o - a ring of protection from fire (left hand)
 C - the Hermit's Pendant {Faith Invo=14 Evo=0 MP+5}
   (You found it on level 5 of the Dungeon)

   [amulet of faith]

   Invo=14: It sets your Invocations skill to 14.
   Evo=0: It sets your Evocations skill to 0.
   Faith:     It allows you to gain divine favour quickly.
   MP+5:      It affects your magic capacity (+5).
 E - a ring of resist corrosion
Wands
 m - a wand of flame (19)
 K - a wand of mindburst (8)
 L - a wand of polymorph (15)
 O - a wand of paralysis (12)
Scrolls
 f - 6 scrolls of poison {unknown}
 g - 4 scrolls of teleportation {unknown}
 l - 8 scrolls of identify
 p - 2 scrolls of fog {unknown}
 q - 2 scrolls of noise {unknown}
 F - a scroll of silence {unknown}
 G - a scroll of enchant armour {unknown}
 H - a scroll of blinking
 I - a scroll of revelation
 N - 3 scrolls of vulnerability {unknown}
 Q - a scroll of immolation {unknown}
Potions
 a - a potion of haste {unknown}
 c - a potion of attraction {unknown}
 d - a potion of magic
 h - a potion of lignification {unknown}
 j - 3 potions of curing {unknown}
 n - a potion of enlightenment {unknown}
 r - 5 potions of heal wounds {unknown}
 x - a potion of cancellation {unknown}
 M - a potion of mutation {unknown}


   Skills:
 - Level 4.0 Fighting
 + Level 3.2 Armour
 - Level 3.0 Dodging
 - Level 3.0 Stealth
 - Level 3.0 Shields
 * Level 14.7 Spellcasting
 + Level 8.6 Conjurations
 - Level 1.1 Summonings
 - Level 3.2 Necromancy
 - Level 1.1 Translocations
 + Level 6.2 Fire Magic
 - Level 1.0 Air Magic
 - Level 1.1 Poison Magic
 - Level 1.0 Evocations


You had 30 spell levels left.
You knew the following spells:

 Your Spells              Type           Power      Damage    Failure   Level
a - Magic Dart            Conj           100%       1d8       1%          1
b - Mephitic Cloud        Conj/Pois/Air  34%        N/A       3%          3
c - Call Imp              Summ           46%        N/A       4%          2
d - Blink                 Tloc           46%        N/A       4%          2
e - Foxfire               Conj/Fire      100%       2x1d9     1%          1

Your spell library contained the following spells:

 Spells                   Type           Power      Damage    Failure   Level
 Scorch                   Fire           94%        2d8       1%          2
 Momentum Strike          Conj/Tloc      82%        3d10      1%          2
 Sublimation of Blood     Necr           33%        N/A       1%          2
 Cigotuvi's Dreadful Rot  Necr/Pois/Air  52%        N/A       3%          2
 Slow                     Hex            68%        N/A       4%          1
 Lesser Beckoning         Tloc           46%        N/A       4%          2
 Wereblood                Tmut           17%        N/A       7%          2
 Call Canine Familiar     Summ           23%        N/A       9%          3
 Sigil of Binding         Hex            17%        N/A       14%         3
 Manifold Assault         Tloc           23%        N/A       30%         4
 Dimensional Bullseye     Hex/Tloc       10%        N/A       36%         4
 Leda's Liquefaction      Hex/Erth       8%         N/A       43%         4
 Conjure Ball Lightning   Conj/Air       20%        3x3d6     69%         6
 Dispersal                Tloc           11%        N/A       99%         6
 Summon Hydra             Summ           11%        N/A       100%        7
 Discord                  Hex            8%         N/A       100%        8
 Disjunction              Tloc           11%        N/A       100%        8


Dungeon Overview and Level Annotations

Branches:
Dungeon (10/15)            Temple (1/1) D:4             Orc (0/2) D:9
   Lair: D:8-11

Altars:
Ashenzari
Cheibriados
Dithmenos
Elyvilon
Fedhas
Hepliaklqana
Kikubaaqudgha
Makhleb
Nemelex Xobeh
Okawaru
Qazlal
Ru
Sif Muna
Trog
Uskayaw
Vehumet
Wu Jian
Xom
Yredelemnul
Zin
The Shining One

Shops:
D:4 *   D:5 (   D:6 ?

Annotations:
D:8 2 transporters, lotum's ghost, novice KoHu


Message History

The grasping roots constrict the skeletal warrior, but do no damage.
The skeletal warrior struggles to escape constriction.
Unknown command.
Aiming: Mindburst
Press: ? - help, Shift-Dir - straight line, f/p - skeletal warrior
Aim: a skeletal warrior, wielding a +0 war axe (heavily damaged, constricted by roots, chance to affect: 9%)
The wraith easily resists.
The grasping roots constrict the skeletal warrior.
The skeletal warrior struggles to escape constriction.
Aiming: Mindburst
Press: ? - help, Shift-Dir - straight line, f/p - skeletal warrior
Aim: a skeletal warrior, wielding a +0 war axe (severely damaged, constricted by roots, chance to affect: 9%)
The wraith easily resists.
The grasping roots constrict the skeletal warrior.
The roots release their grip on the skeletal warrior.
The wraith hits you!
* * * LOW HITPOINT WARNING * * *
Aiming: Mindburst
Press: ? - help, Shift-Dir - straight line, f/p - skeletal warrior
Aim: a skeletal warrior, wielding a +0 war axe (severely damaged, chance to affect: 9%)
The wraith's mind is blasted!!
You blow up the wraith!
Vehumet accepts your kill.
Aiming: Mindburst
Press: ? - help, Shift-Dir - straight line, f/p - skeletal warrior
Aim: a skeletal warrior, wielding a +0 war axe (severely damaged, chance to affect: 9%)
The skeletal warrior resists with almost no effort.
Unknown command.
Casting: Blink (safe; 4% risk of failure)
Confirm with . or Enter, or press ? or * to list all spells.
You blink.
You feel ready to blink again.
Casting: Blink (safe; 4% risk of failure)
Confirm with . or Enter, or press ? or * to list all spells.
You miscast Call Imp.
You are very lightly contaminated with residual magic.
Nothing appears to happen.
The skeletal warrior attacks as it pursues you!
The skeletal warrior hits you with a +0 war axe!
You die...

.............#. #W# #..##.# #.
............#z#..# #.....# #.
#...........#.W# #.....#####
#...#######..##########..#.......
#...#............................
#...#...............######+#...#.
#...#......#......### #...#.#...
....#......#...#.## ###.......
..#.#......#...#@# ##.........
....#......+...#z# #~....##...
....'......#...#.# ###..........
'####......#...#.####~....###...#
.z......####..............# #.#.
###'#z..####.......#......### ..#
....#...##.######...#...#.... ..
..#.#...##......#...#......... .
....#...##.##...#...~......#...


You could see a skeletal warrior.

Vanquished Creatures
  Erica (D:9)
  Amaemon (D:8)
  Joseph (D:8)
  An orange demon (D:8)
  A rime drake (D:9)
  Maggie (D:8)
  Sigmund (D:5)
  4 yaks (D:9)
  A wyvern (D:8)
  3 wraiths (D:9)
  Grum (D:8)
  An acid dragon (D:8)
  3 water moccasins
  2 orc warriors
  4 black bears
  4 ice beasts (D:9)
  3 ogres
  6 wolves
  3 phantoms
  A bullfrog (D:7)
  A kobold brigand (D:8)
  A scorpion (D:5)
  11 wights (D:8)
  4 killer bees (D:9)
  An electric eel (D:7)
  3 crimson imps (D:5)
  2 jellies
  Crazy Yiuf (D:3)
  5 hounds
  A gnoll bouda (D:5)
  4 orc priests
  Jessica (D:3)
  Ijyb (D:3)
  3 iguanas
  2 orc wizards
  Robin (D:3)
  10 gnolls
  16 adders
  2 shadow imps
  A white imp (D:6)
  3 worms
  2 dart slugs
  17 orcs
  5 bats
  A bat zombie (D:5)
  9 endoplasms
  6 giant cockroaches
  10 goblins
  4 hobgoblins
  4 jackals (D:4)
  12 kobolds
  8 quokkas
  5 ball pythons
  4 frilled lizards
  5 rats
  A rat zombie (D:5)
  A foxfire (D:8)
211 creatures vanquished.

Vanquished Creatures (collateral kills)
  An orc (D:4)
  A foxfire (D:8)
2 creatures vanquished.

Vanquished Creatures (others)
  519 foxfires
519 creatures vanquished.

Grand Total: 732 creatures vanquished

Notes
Turn   | Place    | Note
-------+----------+-------------------------------------------
     0 | D:1      | pokeman the Deep Elf Hedge Wizard began the quest for the
                  | Orb.
     0 | D:1      | Reached XP level 1. HP: 10/10 MP: 7/7
   208 | D:1      | Reached XP level 2. HP: 16/16 MP: 2/9
   861 | D:1      | Reached skill level 5 in Spellcasting
  1039 | D:1      | Reached XP level 3. HP: 20/20 MP: 7/11
  1043 | D:1      | Learned a level 3 spell: Mephitic Cloud
  1046 | D:1      | Learned a level 2 spell: Call Imp
  1049 | D:1      | Learned a level 2 spell: Blink
  1457 | D:2      | Reached skill level 1 in Armour
  1512 | D:2      | Reached skill level 1 in Fighting
  1605 | D:2      | Reached XP level 4. HP: 25/25 MP: 8/13
  2069 | D:2      | Found a basalt altar of Yredelemnul.
  2410 | D:3      | Noticed Jessica
  2418 | D:3      | Killed Jessica
  2419 | D:3      | Reached skill level 6 in Spellcasting
  2444 | D:3      | Found a snail-covered altar of Cheibriados.
  2473 | D:3      | Noticed Robin
  2475 | D:3      | Reached XP level 5. HP: 29/29 MP: 12/15
  2475 | D:3      | Noticed Ijyb
  2510 | D:3      | Killed Robin
  2513 | D:3      | Killed Ijyb
  2570 | D:3      | Reached skill level 1 in Air Magic
  2570 | D:3      | Reached skill level 1 in Poison Magic
  2570 | D:3      | Reached skill level 1 in Evocations
  2741 | D:3      | Found a glowing golden altar of the Shining One.
  2950 | D:3      | Reached XP level 6. HP: 34/34 MP: 11/17
  3201 | D:3      | Found a runed translucent door.
  3202 | D:3      | Noticed Crazy Yiuf
  3215 | D:3      | Killed Crazy Yiuf
  3481 | D:4      | Reached skill level 7 in Spellcasting
  3626 | D:4      | Found Peecvik's Lightly-Used Armoury.
  3691 | D:4      | Reached XP level 7. HP: 39/39 MP: 14/20
  3769 | D:4      | Reached skill level 8 in Spellcasting
  3987 | D:4      | Found a staircase to the Ecumenical Temple.
  3995 | Temple   | Entered the Ecumenical Temple
  4218 | D:4      | Found a shadowy altar of Dithmenos.
  4565 | D:5      | Entered Level 5 of the Dungeon
  4572 | D:5      | Found Legoupe's Antique Weapon Emporium.
  4792 | D:5      | Identified the +0 robe of Beauty {-Tele rF+++ rN+ rCorr}
  4860 | D:5      | Found an ancient bone altar of Kikubaaqudgha.
  4896 | D:5      | Found the Hermit's Pendant {Faith Invo=14 Evo=0 MP+5}
  5026 | D:5      | Noticed Sigmund
  5035 | D:5      | Killed Sigmund
  5036 | D:5      | Reached skill level 9 in Spellcasting
  5036 | D:5      | Reached skill level 1 in Necromancy
  5036 | D:5      | Reached XP level 8. HP: 44/44 MP: 19/23
  5073 | D:5      | Found a radiant altar of Vehumet.
  5081 | D:5      | Became a worshipper of Vehumet
  5214 | D:5      | Found a shimmering altar of Xom.
  5333 | D:5      | Reached skill level 5 in Conjurations
  5365 | D:5      | Reached skill level 1 in Shields
  5627 | D:5      | Reached skill level 10 in Spellcasting
  5873 | D:6      | Found a broken altar of Ashenzari.
  6362 | D:6      | Found Ewaops's Magic Scroll Shop.
  6366 | D:6      | Bought a scroll of identify for 30 gold pieces
  6366 | D:6      | Bought a scroll of blinking for 112 gold pieces
  6366 | D:6      | Bought a scroll of revelation for 112 gold pieces
  6366 | D:6      | Bought a scroll of identify for 30 gold pieces
  6592 | D:6      | Reached * piety under Vehumet
  6592 | D:6      | Offered knowledge of Foxfire by Vehumet.
  6595 | D:6      | Learned a level 1 spell: Foxfire
  6763 | D:7      | Reached skill level 1 in Fire Magic
  6980 | D:7      | Found an ornate altar of the Wu Jian Council.
  7068 | D:7      | Reached skill level 11 in Spellcasting
  7068 | D:7      | Reached XP level 9. HP: 48/48 MP: 20/26
  7454 | D:8      | Noticed Grum
  7469 | D:8      | Killed Grum
  7642 | D:8      | Reached skill level 12 in Spellcasting
  7655 | D:8      | Noticed Joseph
  7671 | D:8      | Killed Joseph
  7784 | D:8      | You fall into a shaft and drop 2 floors!
  7784 | D:10     | Entered Level 10 of the Dungeon
  7866 | D:8      | Noticed a manticore
  7866 | D:8      | Noticed lotum's ghost (novice KoHu)
  7866 | D:8      | Found a transporter.
  7886 | D:8      | Found a transporter.
  8211 | D:8      | Found a sparkling altar of Nemelex Xobeh.
  8268 | D:8      | Found a burning altar of Makhleb.
  8361 | D:8      | Found a sacrificial altar of Ru.
  8377 | D:8      | Found a bloodstained altar of Trog.
  8463 | D:8      | Noticed Maggie
  8481 | D:8      | Killed Maggie
  8482 | D:8      | Reached XP level 10. HP: 54/54 MP: 11/28
  8660 | D:8      | Reached skill level 13 in Spellcasting
  8663 | D:8      | Offered knowledge of Scorch by Vehumet.
  8993 | D:8      | Reached ** piety under Vehumet
  9120 | D:8      | Noticed an orange demon
  9121 | D:8      | Noticed Amaemon
  9134 | D:8      | Killed Amaemon
  9142 | D:8      | Killed an orange demon
  9143 | D:8      | Reached skill level 5 in Fire Magic
  9564 | D:9      | Reached skill level 14 in Spellcasting
  9594 | D:9      | Found a staircase to the Orcish Mines.
  9613 | D:9      | Noticed a skeletal warrior
  9694 | D:9      | Noticed Erica
  9709 | D:9      | Killed Erica
 10260 | D:9      | Reached XP level 11. HP: 58/61 MP: 31/31
 10288 | D:9      | HP: 3/61 [wraith (7)]
 10306 | D:9      | Mangled by a skeletal warrior

Illustrated notes

Levels and vault maps discovered:
D:1:      dpeg_arrival_rooms_b, layout_basic, minmay_door_square
D:2:      layout_rooms, basic_altar, serial_forest,
          infiniplex_forest_clump_tiny, infiniplex_forest_lined_1,
          infiniplex_forest_straight_3, infiniplex_forest_clump_tiny,
          infiniplex_forest_clump_tiny, infiniplex_forest_end_2,
          infiniplex_forest_corner_2, infiniplex_forest_clump_double,
          minmay_diced_spiral
D:3:      cheibrodos_old_hovel, layout_rooms, tso_metal_star,
          old_standard_altar, kennysheep_decorative_pillar, minmay_crystal_room,
          nicolae_goblin_pals, uniq_crazy_yiuf_cottage, uniq_jessica
D:4:      layout_loops_ring, mainiacjoe_overflow_alcove_1,
          minmay_temple_entry_ruins, minmay_shop_damaged
D:5:      layout_basic, lemuel_coloured_pillars_altar, led_xom_imps,
          lemuel_zombie_altar_kikubaaqudgha, serial_shops, shop, uniq_sigmund
D:6:      layout_loops_cross, evilmike_ruin_ashenzari, serial_shops, shop,
          patterned_corridor
D:7:      layout_gridville, nzn_wu_jian_council_hall, serial_bayou_lagoon_a
D:8:      layout_basic, lemuel_crystal_altar, trog_ov_bears_minmay,
          mainiacjoe_overflow_tiny_flanked, mainiacjoe_overflow_alcove_4,
          gammafunk_ghost_arena, grunt_ministairs_9, chequers_mini_garden,
          uniq_amaemon, uniq_maggie, uniq_grum, uniq_joseph
D:9:      layout_stronghold, hellmonk_lair_entry_icy, orc_0_dummy,
          minmay_guarded_unrand_finisher, uniq_erica
D:10:     layout_loops_ring, lemuel_doored_altar
Temple:   kb_temple_of_zot

Skill      XL: |  1  2  3  4  5  6  7  8  9 10 |
---------------+-------------------------------+-----
Spellcasting   | 5 6 7 9 11 12 14 | 14.7
Armour         | 1 2 3 |  3.2
Fighting       | 1 2 4 |  4.0
Conjurations   | 2 3 4 5 7 8 |  8.6
Dodging        | 3 |  3.0
Stealth        | 3 |  3.0
Air Magic      | 1 |  1.0
Poison Magic   | 1 |  1.1
Evocations     | 1 |  1.0
Necromancy     | 1 3 |  3.2
Shields        | 2 3 |  3.0
Fire Magic     | 1 4 6 |  6.2
Summonings     | |  1.1
Translocations | |  1.1

Action                     |  1- 3 |  4- 6 |  7- 9 | 10-12 || total
---------------------------+-------+-------+-------+-------++-------
  Melee: Dagger            |       |    78 |    62 |     4 ||   144
         Punch             |       |       |     1 |       ||     1
         Demon whip        |       |       |       |    17 ||    17
   Cast: Magic Dart        |    86 |    85 |   140 |       ||   311
         Mephitic Cloud    |       |    14 |    18 |    12 ||    44
         Call Imp          |       |       |     5 |     2 ||     7
         Blink             |       |       |     3 |     6 ||     9
         Foxfire           |       |       |   154 |   126 ||   280
  Evoke: Wand              |       |       |       |    15 ||    15
   Stab: Confused          |       |     9 |     7 |     1 ||    17
         Sleeping          |       |     1 |       |       ||     1
         Paralysed         |       |       |       |     4 ||     4
 Armour: Robe              |     6 |    43 |    42 |       ||    91
         Leather armour    |       |       |    28 |    38 ||    66
  Dodge: Dodged            |     4 |    52 |    59 |    37 ||   152

Table legend: (Time is in decaauts)
 A = Elapsed time spent in this place.
 B = Non-inter-level travel time spent in this place.
 C = Inter-level travel time spent in this place.
 D = Time resting spent in this place.
 E = Time spent auto-exploring this place.
 F = Levels seen in this place.
 G = Mean time per level.
                   A        B        C        D        E       F      G
               +--------+--------+--------+--------+--------+-----+--------+
         Total |  10323 |  10122 |    201 |    142 |   8303 |  11 |  938.5 |
       Dungeon |  10321 |  10120 |    201 |    142 |   8303 |  10 | 1032.1 |
        Temple |      1 |      1 |      0 |      0 |      0 |   1 |    1.0 |
               +--------+--------+--------+--------+--------+-----+--------+

Top non-repeatable levels by time:
     D:8: 1892 daAuts
     D:1: 1436 daAuts
     D:5: 1227 daAuts
     D:3: 1119 daAuts
     D:4: 1112 daAuts
     D:9: 974 daAuts
     D:2: 892 daAuts
     D:6: 854 daAuts
     D:7: 806 daAuts
    D:10: 5 daAuts
  Temple: 1 daAuts
